 Dungeon Crawl Stone Soup version 0.15.0-8-gb109cf8 (webtiles) character file.

1676 MDvedh the Basher (level 9, 0/51 HPs)
             Began as a Gargoyle Fighter on Aug 30, 2014.
             Was a Believer of Okawaru.
             Slain by a troll (6 damage)
             ... on Level 7 of the Dungeon.
             The game lasted 00:14:34 (6095 turns).

MDvedh the Basher (Gargoyle Fighter)                Turns: 6095, Time: 00:14:36

HP   0/51        AC 22     Str 22      XL: 9   Next:  1%
MP   8/9         EV  5     Int  8      God: Okawaru [**....]
Gold 441         SH 11     Dex  7 (9)  Spells:  0 memorised,  8 levels left

rFire  + . .     SeeInvis .     M - +0 morningstar
rCold  . . .     Clarity  .     E - +0 plate armour {rF+}
rNeg   + . .     rCorr    .     c - +0 shield
rPois  +         rRot     +     n - +0 helmet
rElec  +         Spirit   .     (no cloak)
SustAb .         Warding  .     (no gloves)
rMut   .         Stasis   .     f - +0 pair of boots
Gourm  +                        l - amulet of the gourmand
MR     +....                    (no ring)
                                (no ring)

@: heroism, somewhat resistant to hostile enchantments, extremely unstealthy
A: magic resistance 1, negative energy resistance 1, electricity resistance,
weak 1, unbreathing, petrification resistance, rot immunity, placid magic 1, AC
+5
a: Heroism, Renounce Religion


You were on level 7 of the Dungeon.
You worshipped Okawaru.
Okawaru was pleased with you.
You were very full.

You visited 2 branches of the dungeon, and saw 8 of its levels.

You collected 441 gold pieces.

Inventory:

Hand weapons
 a - a +0 flail
 L - a +0 mace of crushing
 M - a +0 morningstar (weapon)
Armour
 c - a +0 shield (worn)
 f - a +0 pair of boots (worn)
 n - a +0 helmet (worn)
 E - a +0 plate armour of fire resistance (worn)
Magical devices
 h - a wand of invisibility (0)
 A - a wand of lightning (1)
 J - a wand of digging (12)
Comestibles
 d - 6 bread rations
 g - 2 meat rations
 i - a beef jerky
 r - a slice of pizza
 F - a royal jelly
 I - 5 fruits
Scrolls
 k - a scroll of blinking
 m - a scroll of amnesia
 s - 2 scrolls of remove curse
 u - a scroll of noise {unknown}
 w - a scroll of recharging {unknown}
 x - 2 scrolls of teleportation
 y - a scroll of random uselessness {unknown}
 B - 2 scrolls of identify
 K - a scroll of magic mapping {unknown}
Jewellery
 l - an amulet of the gourmand (around neck)
 H - a +3 ring of slaying {unknown}
Potions
 b - a potion of cancellation {unknown}
 e - 3 potions of might
 j - a potion of restore abilities
 o - a potion of curing
 p - 2 potions of haste
 q - a potion of berserk rage {unknown}
 t - a potion of invisibility {unknown}
 v - a potion of flight {unknown}
 z - a potion of brilliance {unknown}
 C - a potion of agility {unknown}
 D - a potion of cure mutation {unknown}
Books
 G - a Grand Grimoire {highlevel, unknown}

   This book is beyond your current level of understanding.

   Spells                             Type                      Level
   Aura of Abjuration                 Summoning                    6
   Forceful Dismissal                 Summoning                    6
   Summon Greater Demon               Summoning                    7
   Malign Gateway                     Summoning/Translocation      7
   Summon Horrible Things             Summoning                    8


   Skills:
 - Level 3.2(8.2) Fighting
 + Level 11.2(16.2) Maces & Flails
 - Level 3.2(8.2) Armour
 - Level 3.2(8.2) Shields


You had 8 spell levels left.
You didn't know any spells.

Dungeon Overview and Level Annotations

Branches:
Dungeon (7/15)             Temple (1/1) D:4

Altars:
Cheibriados
Dithmenos
Fedhas
Okawaru
Qazlal
Trog
Xom
Yredelemnul

Shops:
D:6 (


Innate Abilities, Weirdness & Mutations

You are resistant to torment.
You are immune to poison.
Your stone body is very resilient (AC +5).
You resist negative energy.
You are resistant to electric shocks.
You can survive without breathing.
You are immune to petrification.
You are immune to rotting.
You are resistant to hostile enchantments.
You are weak. (Str -2)
Your spells are a little easier to cast, but a little less powerful.


Message History

You puncture the troll!
The troll is heavily wounded.
The troll bites you but does no damage. You block the troll's attack.
The troll claws you but does no damage.
You closely miss the troll.
The troll is heavily wounded.
You hit the troll but do no damage.
The troll is heavily wounded.
You block the troll's attack. The troll barely misses you.
The troll claws you but does no damage.
You closely miss the troll.
The troll is moderately wounded.
The troll bites you but does no damage. You block the troll's attack.
The troll barely misses you.
You closely miss the troll.
The troll is moderately wounded.
The troll bites you!
* * * LOW HITPOINT WARNING * * *
The troll claws you.
You die...

.. .# #. ..# ##. ###.##...
#.. ##.....># #.# ##..# #.#
##..## ##.# ### #..##
####..# ... ##.####.#
#..<@###.# ........#
#.#.#T#.#.#.#.#
#...#########.#...?.......#
...[###.......###.##+##.#.#
......#.....####..#
#.###.#....## ##.+ #.#
#)#....### ..# #.#
#[.......# #.# #.#
#..).....# ...


You could see a troll.

Vanquished Creatures
  Eustachio (D:6)
  An ogre (D:4)
  2 centaurs
  2 giant frogs (D:6)
  Blork the orc (D:5)
  A hippogriff skeleton (D:6)
  5 crimson imps
  A goliath beetle (D:6)
  A centaur skeleton (D:6)
  An iron imp (D:6)
  A giant frog skeleton (D:7)
  4 orc priests
  A gnoll shaman (D:6)
  An iguana (D:7)
  6 orc wizards
  7 worker ants
  7 adders
  7 gnolls
  6 green rats (D:6)
  An orc zombie (D:5)
  A shadow imp (D:6)
  2 giant mites (D:4)
  A white imp (D:6)
  3 worms
  An ufetubus (D:6)
  An iguana zombie (D:7)
  An ooze (D:4)
  21 orcs
  17 bats
  7 giant cockroaches
  11 goblins
  8 hobgoblins
  13 kobolds
  8 quokkas
  A ball python (D:2)
  5 giant geckos
  7 giant newts
  10 jackals
  An orc skeleton (D:4)
  A quokka skeleton (D:6)
  20 rats
  4 ballistomycetes (D:6)
201 creatures vanquished.

Vanquished Creatures (others)
  An orc priest (D:6)
  2 orcs (D:6)
  3 giant spores
6 creatures vanquished.

Grand Total: 207 creatures vanquished

Notes
Turn   | Place    | Note
--------------------------------------------------------------
     0 | D:1      | MDvedh, the Gargoyle Fighter, began the quest for the Orb.
     0 | D:1      | Reached XP level 1. HP: 14/14 MP: 1/1
   182 | D:1      | Reached XP level 2. HP: 17/19 MP: 2/2
   661 | D:2      | Reached XP level 3. HP: 20/23 MP: 3/3
   949 | D:2      | Reached skill level 4 in Maces & Flails
  1284 | D:3      | Reached XP level 4. HP: 26/28 MP: 4/4
  1461 | D:3      | Reached skill level 5 in Maces & Flails
  1461 | D:3      | Reached XP level 5. HP: 32/32 MP: 5/5
  1997 | D:3      | Reached skill level 6 in Maces & Flails
  2000 | D:3      | Reached XP level 6. HP: 33/37 MP: 6/6
  2116 | D:4      | Gained mutation: You are weak. (Str -2) [potion of mutation]
  2116 | D:4      | Gained mutation: You are resistant to hostile enchantments. [potion of mutation]
  2116 | D:4      | Gained mutation: Your spells are a little easier to cast, but a little less powerful. [potion of mutation]
  2555 | D:4      | Found a staircase to the Ecumenical Temple.
  2652 | Temple   | Entered the Ecumenical Temple
  2670 | Temple   | Became a worshipper of Warmaster Okawaru
  3040 | D:4      | Reached skill level 7 in Maces & Flails
  3094 | D:4      | Reached XP level 7. HP: 25/41 MP: 7/7
  3221 | D:4      | Acquired Okawaru's first power
  3361 | D:4      | Found a shadowy altar of Dithmenos.
  3361 | D:4      | Found a shimmering altar of Xom.
  3596 | D:5      | Entered Level 5 of the Dungeon
  3628 | D:5      | Reached skill level 8 in Maces & Flails
  3786 | D:5      | Found an iron altar of Okawaru.
  4433 | D:6      | Noticed Blork the orc
  4433 | D:6      | Noticed Eustachio
  4446 | D:5      | Killed Blork the orc
  4700 | D:6      | Killed Eustachio
  4700 | D:6      | Reached skill level 9 in Maces & Flails
  4700 | D:6      | Reached XP level 8. HP: 39/46 MP: 6/8
  5231 | D:6      | Reached skill level 10 in Maces & Flails
  5417 | D:6      | Found Joigola's Weapon Boutique.
  5968 | D:7      | Reached skill level 11 in Maces & Flails
  6030 | D:7      | Reached XP level 9. HP: 51/51 MP: 9/9
  6060 | D:7      | Noticed a troll
  6095 | D:7      | Slain by a troll

Action                   |  1- 3 |  4- 6 |  7- 9 || total
-------------------------+-------+-------+-------++-------
Melee: Flail             |   148 |   254 |   537 ||   939
       Morningstar       |       |       |    37 ||    37
Invok: Heroism           |       |       |     3 ||     3
Evoke: Wand              |       |       |     2 ||     2
  Use: Potion            |       |     6 |     2 ||     8
       Scroll            |       |     9 |     1 ||    10
  Eat: Chunk             |     1 |    16 |    10 ||    27
